 Dungeon Crawl Stone Soup version 0.27.1-2-g3b301248ec (webtiles) character file.

Game seed: 2910003030752991862

41 Descartes the Sneak (level 3, -3/16 HPs)
             Began as a Spriggan Enchanter on Oct 2, 2021.
             Frozen to death by an endoplasm (5 damage)
             ... on level 3 of the Dungeon.
             The game lasted 00:03:35 (1876 turns).

Descartes the Sneak (Spriggan Enchanter)            Turns: 1876, Time: 00:03:35

Health: -3/16      AC:  2    Str:  5    XL:     3   Next: 32%
Magic:  8/8        EV: 17    Int: 16    God:
Gold:   60         SH:  0    Dex: 15    Spells: 6/7 levels left

rFire    . . .     SeeInvis +   a - +1 dagger
rCold    . . .     Faith    .   (shield restricted)
rNeg     . . .     Spirit   .   e - +0 robe
rPois    .         Reflect  .   (helmet restricted)
rElec    .         Harm     .   (no cloak)
rCorr    .         Rampage  .   (gloves unavailable)
Will     .....                  (boots unavailable)
Stlth    +++.......             (no amulet)
HPRegen  0.05/turn              (no ring)
MPRegen  0.11/turn              (no ring)

@: very quick
A: very small, no large weapons, unfitting armour, see invisible, speed 3
a: no special abilities


You were on level 3 of the Dungeon.
You visited 1 branch of the dungeon, and saw 4 of its levels.

You collected 60 gold pieces.

Inventory:

Hand Weapons
 a - a +1 dagger (weapon)
 b - a +0 hunting sling
 f - a +0 rapier
Missiles
 c - 59 stones
Armour
 e - a +0 robe (worn)
Scrolls
 d - a scroll of fog {unknown}
 i - a scroll of identify {unknown}
 j - a scroll of enchant weapon {unknown}
 l - a scroll of blinking {unknown}
Potions
 g - a potion of heal wounds {unknown}
 h - a potion of magic {unknown}
 k - 2 potions of invisibility {unknown}


   Skills:
 + Level 1.9 Short Blades
 + Level 3.3 Dodging
 + Level 5.1 Stealth
 - Level 2.6 Spellcasting
 + Level 4.1 Hexes


You had 6 spell levels left.
You knew the following spells:

 Your Spells              Type           Power      Damage    Failure   Level
a - Corona                Hex            16%        N/A       3%          1

Your spell library contained the following spells:

 Spells                   Type           Power      Damage    Failure   Level
 Confusing Touch          Hex            15%        N/A       11%         3
 Tukima's Dance           Hex            15%        N/A       11%         3
 Ensorcelled Hibernation  Hex/Ice        16%        N/A       12%         2
 Foxfire                  Conj/Fire      8%         2x1d4     19%         1
 Dazzling Flash           Conj/Hex       16%        N/A       24%         3
 Inner Flame              Hex/Fire       8%         N/A       24%         3
 Conjure Flame            Conj/Fire      2%         6-21      50%         3


Dungeon Overview and Level Annotations

Branches:
Dungeon (4/15)
 Temple: D:4-7

Altars:


Innate Abilities, Weirdness & Mutations

You are very small and have problems with some larger weapons.
You are too small for most types of armour.
You have supernaturally acute eyesight. (SInv)
You cover ground extremely quickly. (Speed+++)


Message History

You are frozen.
You barely miss the worm.
The worm is moderately wounded.
The worm misses you. The endoplasm freezes you.
You are frozen.
You hit the worm.
The worm is moderately wounded.
The gnoll closely misses you.
A gnoll comes into view. It is wielding a +0 club.
The endoplasm barely misses you.
You hit the worm.
The worm is moderately wounded.
The gnoll misses you. The worm bites you.
You hit the worm but do no damage.
The worm is moderately wounded.
The endoplasm misses you. The gnoll closely misses you.
The gnoll hits you with a +0 club!
* * * LOW HITPOINT WARNING * * *
An orc comes into view. It is wielding a +0 dagger.
The worm barely misses you. The gnoll closely misses you.
Found a stone staircase leading down.
There is a stone staircase leading down here.
You hit the endoplasm.
The endoplasm is lightly wounded.
The endoplasm closely misses you.
You barely miss the endoplasm.
The endoplasm is lightly wounded.
The endoplasm hits you.
* * * LOW HITPOINT WARNING * * *
You hit the endoplasm.
The endoplasm is heavily wounded.
The endoplasm freezes you.
You are frozen.
* * * LOW HITPOINT WARNING * * *
You hit the endoplasm.
The endoplasm is severely wounded.
The endoplasm freezes you.
You are frozen.
You die...

###### #####.....
########...........
#......#...........
##.###.#.#####.....
#.# #.#.#...#.....
##J###.#.#.#.#.†...
#.@..#.#.#.#.#.....
##.###.#.#.#.#.....
#...#..>..........
###.#######.##....
#.# #.##...# #.#
#.##.### #.#
#.##.###
#.#######.....Jg
#.....w.....#.##


You could see an endoplasm.

Vanquished Creatures
  An adder (D:2)
  2 endoplasms (D:1)
  A giant cockroach (D:1)
  4 goblins
  A hobgoblin (D:1)
  5 kobolds
  A quokka (D:3)
  6 ball pythons
  3 bats
  2 frilled lizards (D:1)
  4 rats (D:1)
30 creatures vanquished.

Notes
Turn   | Place    | Note
-------+----------+-------------------------------------------
     0 | D:1      | Descartes the Spriggan Enchanter began the quest for the
                  | Orb.
     0 | D:1      | Reached XP level 1. HP: 9/9 MP: 5/5
    77 | D:1      | Found a faded altar of an unknown god.
   458 | D:1      | Reached XP level 2. HP: 13/13 MP: 6/6
  1413 | D:2      | Reached skill level 5 in Stealth
  1413 | D:2      | Reached XP level 3. HP: 4/16 MP: 8/8
  1682 | D:2      | You fall into a shaft and drop 2 floors!
  1876 | D:3      | Frozen to death by an endoplasm

Illustrated notes

Levels and vault maps discovered:
D:1:      psy_arrival_heroes, layout_basic, ebering_ecumenical_altar_mist
D:2:      minmay_chambers_of_ones, layout_basic, palyth_stone_intersect,
          minmay_tromino_i2
D:3:      layout_basic, nicolae_overflow_crystal_walls, general_overflow_altar,
          uniq_ijyb
D:4:      layout_loops_ring, amcnicky_mini_pool_small

Skill      XL: |  1  2 |
---------------+-------+-----
Dodging        | 3 |  3.3
Hexes          | 4 |  4.1
Stealth        | 5 |  5.1
Short Blades   | |  1.9
Spellcasting   | |  2.6

Action                   || total
-------------------------++-------
Melee: Dagger            ||   119
 Stab: Sleeping          ||    11
Armor: Robe              ||     6
Dodge: Dodged            ||    85
